Cogmind - Beta 11 *** ADVENTURER MODE // 2022.03.28 @ 22:27:57 // AFD2020/Player2 Player: Sn@43 Result: Core destroyed Performance ------------- Evolutions (6) 3000 Regions Visited (15) 3000 Robots Destroyed (245) 1225 Value Destroyed (12271) 12271 Prototype IDs (15) 300 Alien Tech Used (0) 0 Bonus (10416) 10416 TOTAL SCORE: 30212 Bonus ------- High Alert Combat Kills 1276 Follower Combat Kills 7541 Entered Garrisons 1000 Used RIF Installer 2500 Friendly Fire -1901 Cogmind --------- Core Integrity 0/1150 Matter 300/300 Energy 310/310 System Corruption 2% Temperature Cool (-200) Movement Rolling (130) Ox2 Location -4/Factory Parts ------- > --- POWER (1) -------- Fission Core > --- PROPULSION (3) --- Centrium Wheel Centrium Wheel Centrium Wheel > --- UTILITY (12) ----- Advanced Cryofiber Web Advanced Cooling System Huge Storage Unit Core Analyzer Layered Heavy Armor Plating Advanced System Shield Relay Coupler [NC] (14) Relay Coupler [Sentry] (16) Relay Coupler [Hunter] (15) Relay Coupler [Hunter] (20) Long-range Tractor Beam > --- WEAPON (3) ------- Tri-rail Accelerator Powered Hammer > --- INVENTORY (25) --- Armored Wheel Huge Storage Unit Layered Heavy Armor Plating Advanced Hardlight Generator Relay Coupler [NC] (35) Relay Coupler [Sentry] (31) Relay Coupler [Sentry] (31) Relay Coupler [Sentry] (31) Relay Coupler [Sentry] (33) Relay Coupler [Hunter] (21) Relay Coupler [Behemoth] (12) High-powered Tractor Beam KE Penetrator Enhanced Gauss Cannon Enhanced Gauss Cannon Tiamat Missile Launcher Improved Remote Datajack Improved Remote Datajack Peak State ------------ > --- POWER ------------ Heavy Antimatter Reactor > --- PROPULSION ------- Centrium Wheel Centrium Wheel Centrium Wheel > --- UTILITY ---------- Advanced Cryofiber Web Advanced Cryofiber Web Advanced Cryofiber Web Huge Storage Unit Core Analyzer Layered Heavy Armor Plating Advanced System Shield Relay Coupler [NC] Relay Coupler [Sentry] Relay Coupler [Sentry] Relay Coupler [Hunter] > --- WEAPON ----------- KE Penetrator Tri-rail Accelerator > --- INVENTORY -------- Fission Core Armored Wheel Advanced Cooling System Huge Storage Unit Layered Heavy Armor Plating Relay Coupler [NC] Relay Coupler [Sentry] Relay Coupler [Sentry] Relay Coupler [Sentry] Relay Coupler [Sentry] Relay Coupler [Hunter] Relay Coupler [Hunter] Relay Coupler [Hunter] Relay Coupler [Hunter] Relay Coupler [Hunter] Relay Coupler [Behemoth] High-powered Tractor Beam Long-range Tractor Beam Enhanced Gauss Cannon Enhanced Gauss Cannon Tiamat Missile Launcher Improved Remote Datajack Improved Remote Datajack Powered Hammer [Rating: 118] Favorites ----------- Power Cooled Ion Engine Engine Cooled Ion Engine Power Core Fission Core Reactor Heavy Antimatter Reactor Propulsion Wheel Treads Light Treads Leg Carbon-fiber Leg Wheel Wheel Hover Unit Linear Gravjet Utility Huge Storage Unit Device High-powered Tractor Beam Storage Huge Storage Unit Processor Advanced Visual Processing Unit Hackware Relay Coupler [Sentry] Protection Hardened Medium Armor Plating Weapon Autogun Energy Gun EM Pulse Gun Ballistic Gun Autogun Ballistic Cannon Advanced Assault Cannon Launcher Rocket Launcher Special Weapon Improved Remote Datajack Impact Weapon Powered Hammer Piercing Weapon Spear Build | -11 -10 -10 -9 -9 -8 -8 -7 -7 -7 -7 -6 -6 -5 -5 -4 ------- Run | Scr Mat Min Mat Min Mat Gar Fac Gar Fac Gar Fac Gar Fac Gar Fac Slots Evolved 12 | . . . 2 . 2 . 2 . . . 2 . 2 . 2 Power . | . . . . . . . . . . . . . . . . Propulsion 1 | . . . . . 1 . . . . . . . . . . Utility 10 | . . . 2 . 1 . 2 . . . 1 . 2 . 2 Weapon 1 | . . . . . . . . . . . 1 . . . . Parts Attached 324 | 7 8 2 16 5 17 20 22 20 9 30 33 34 37 17 47 Power 14 | 1 1 . 2 . 1 1 1 . 1 . 3 1 . . 2 Engine 8 | 1 1 . 2 . 1 1 1 . 1 . . . . . . Core 1 | . . . . . . . . . . . . . . . 1 Reactor 5 | . . . . . . . . . . . 3 1 . . 1 Propulsion 60 | 2 2 . 5 . 3 3 9 1 6 1 7 10 1 . 10 Treads 3 | . . . . . . 2 1 . . . . . . . . Leg 3 | . . . . . . . . . . . . 3 . . . Wheel 49 | 2 2 . 5 . 3 1 8 1 6 1 7 5 1 . 7 Hover 5 | . . . . . . . . . . . . 2 . . 3 Flight . | . . . . . . . . . . . . . . . . Utility 103 | 2 3 . 7 . 9 2 10 3 . 12 8 6 14 7 20 Device 36 | 1 1 . 2 . 1 1 4 1 . 2 4 . 8 . 11 Storage 10 | 1 2 . . . 4 . 1 . . . . . 1 . 1 Processor 8 | . . . 1 . 1 . 2 1 . . 1 . 1 . 1 Hackware 28 | . . . . . . . . . . 7 2 6 2 6 5 Protection 21 | . . . 4 . 3 1 3 1 . 3 1 . 2 1 2 Artifact . | . . . . . . . . . . . . . . . . Weapon 147 | 2 2 2 2 5 4 14 2 16 2 17 15 17 22 10 15 Energy Gun 1 | 1 . . . . . . . . . . . . . . . Energy Cannon . | . . . . . . . . . . . . . . . . Ballistic Gun 53 | 1 2 1 2 5 3 8 2 7 1 5 4 1 5 3 3 Ballistic Cannon 29 | . . . . . . 1 . 2 1 4 7 1 8 . 5 Launcher 16 | . . . . . 1 4 . 4 . 2 2 1 2 . . Special Weapon 28 | . . 1 . . . . . . . 3 2 7 5 4 6 Impact Weapon 14 | . . . . . . 1 . . . . . 7 2 3 1 Slashing Weapon . | . . . . . . . . . . . . . . . . Piercing Weapon 6 | . . . . . . . . 3 . 3 . . . . . Special Melee Weapon . | . . . . . . . . . . . . . . . . Unidentified Prototypes 13 | . . . 1 . 2 . . . . . 9 . . . 1 Corrupted Parts 2 | . . . . . . . . . . . . 2 . . . System Corruption 7 | . . . . . . . . . . . . 7 . . . Parts Lost 23 | . . . . . . 2 . 1 . 3 11 . 2 1 3 Power 1 | . . . . . . . . . . . . . . . 1 Propulsion 9 | . . . . . . 2 . . . . 7 . . . . Utility 12 | . . . . . . . . 1 . 3 3 . 2 1 2 Weapon 1 | . . . . . . . . . . . 1 . . . . Highest Loss Streak 3 | . . . . . . 1 . 1 . 2 3 . 1 1 2 To Critical Strikes . | . . . . . . . . . . . . . . . . Average Slot Usage (%) 91 | . 99 100 97 99 99 95 89 91 91 89 85 90 89 87 84 Engine 5 | . 14 14 10 11 9 9 7 7 6 7 . . . . . Reactor 2 | . . . . . . . . . . . 5 6 5 5 3 Wheel 16 | . 28 28 21 22 27 19 17 15 15 15 10 14 12 11 12 Device 12 | . 14 14 10 11 17 13 15 22 15 8 6 . 16 14 14 Storage 7 | . 14 14 11 11 9 9 7 7 7 7 6 6 5 5 5 Processor 7 | . . . 10 11 9 9 14 15 23 13 6 6 . 2 4 Hackware 10 | . . . . . . . . . . 8 24 27 22 23 25 Protection 6 | . . . 10 11 8 9 7 7 7 10 4 6 5 3 4 Ballistic Gun 11 | . 26 26 21 21 18 16 7 9 7 4 4 6 6 5 1 Ballistic Cannon 4 | . . . . . . . 7 3 7 6 9 6 7 1 6 Special Weapon 1 | . . 1 . . . . . . . 2 2 1 1 4 2 Naked Turns . | . . . . . . . . . . . . . . . . Heaviest Build 143 | 12 92 52 60 60 107 108 116 113 111 114 130 123 143 133 142 Greatest Support 48 | 20 20 20 20 20 32 32 44 40 40 40 42 36 46 40 48 Greatest Overweight (x) 41 | . 4 2 2 2 3 4 5 2 4 2 12 12 3 3 41 Average Overweight (x) 2 | . 2 2 2 2 2 3 3 2 2 2 4 4 2 2 2 Largest Inventory Capacity 25 | 8 25 20 20 20 25 25 25 25 25 25 25 25 25 25 25 Average Capacity 23 | 7 19 20 20 20 24 25 25 25 25 25 25 25 25 25 25 Most Carried 25 | 7 16 17 20 20 21 25 25 25 25 25 25 25 25 25 25 Average Carried 21 | 3 9 16 19 19 18 21 23 24 24 22 24 24 24 23 21 Final Capacity 25 | 8 20 20 20 20 25 25 25 25 25 25 25 25 25 25 25 Final Carried 25 | 7 16 17 20 20 21 25 23 24 25 22 25 25 25 23 19 Class Distribution -------------------- 40% | Mutant 24% | Botlord-Mutant 14% | Bothacker-Mutant 5% | Scavenger-Mutant 4% | Bothacker-Tank 4% | Botlord-Tank 3% | Skirmisher Dominant Class ---------------- Scavenger-Mutant | -10/Materials Mutant | -10/Mines Mutant | -9/Materials Mutant | -9/Mines Mutant | -8/Materials Mutant | -8/Garrison Skirmisher | -7/Factory Mutant | -7/Garrison Mutant | -7/Factory Bothacker-Mutant | -7/Garrison Bothacker-Mutant | -6/Factory Botlord-Mutant | -6/Garrison Botlord-Mutant | -5/Factory Botlord-Mutant | -5/Garrison Botlord-Mutant | -4/Factory Resources | -11 -10 -10 -9 -9 -8 -8 -7 -7 -7 -7 -6 -6 -5 -5 -4 ----------- Run | Scr Mat Min Mat Min Mat Gar Fac Gar Fac Gar Fac Gar Fac Gar Fac Matter Collected 9652 | 222 297 84 1116 311 535 553 819 602 328 600 989 362 1316 410 1108 Remotely 7499 | 146 297 84 1116 295 525 548 819 602 328 589 448 . 299 405 998 Salvage Created 10050 | 56 514 52 1547 306 622 801 630 628 408 283 967 366 895 957 1018 Parts 501 | 2 31 8 96 16 37 39 34 33 38 17 49 9 45 9 38 Haulers Intercepted 12 | . 2 . 5 . 3 . 1 . . . . . 1 . . Recyclers Shooed 8 | . . . 1 . . . 2 . . . 2 . 2 . 1 Parts Field Recycled . | . . . . . . . . . . . . . . . . Retrieved Matter . | . . . . . . . . . . . . . . . . Parts Self-Destructed . | . . . . . . . . . . . . . . . . Prevented . | . . . . . . . . . . . . . . . . Kills | -11 -10 -10 -9 -9 -8 -8 -7 -7 -7 -7 -6 -6 -5 -5 -4 ------- Run | Scr Mat Min Mat Min Mat Gar Fac Gar Fac Gar Fac Gar Fac Gar Fac Combat Hostiles Destroyed 162 | . 6 3 23 8 12 21 8 22 6 10 16 3 9 . 15 Melee 1 | . . . . . . . . 1 . . . . . . . Guns 87 | . 6 3 23 8 12 8 4 9 3 4 3 1 2 . 1 Cannons 39 | . . . . . . . 4 1 3 3 8 2 4 . 14 AOE 34 | . . . . . . 13 . 11 . 3 5 . 2 . . Classes Destroyed 19 | 1 5 1 2 1 1 3 1 . 1 1 1 . . . 1 Worker 21 | . 4 . 3 . 1 . 6 . 1 . 5 . 1 . . Builder 17 | . 3 . 1 . . . 4 . 2 . 4 . 3 . . Hauler 12 | . 2 . 5 . 3 . 1 . . . . . 1 . . Recycler 13 | 1 . . 2 1 . . 2 . 1 . 2 . 2 . 2 Mechanic 1 | . . . . . . . . . . . 1 . . . . Operator 9 | . . . 3 . 1 . 2 . . . 1 . 1 . 1 Watcher 10 | . 1 . 2 . . . 1 . 2 . 1 . 3 . . Swarmer 33 | . . 3 3 3 6 . . 8 1 4 2 3 . . . Cutter 2 | . . . . . . 2 . . . . . . . . . Grunt 62 | . 6 . 12 2 1 8 5 8 4 2 6 . 5 . 3 Duelist 6 | . . . . . 1 3 . 1 . . . . . . 1 Protector 2 | . . . . . . . . . 1 . . . . . 1 Sentry 23 | . . . 8 2 4 2 1 4 . . 1 . . . 1 Demolisher 1 | . . . . . . . 1 . . . . . . . . Specialist 12 | . . . . . . 4 . . . 2 1 . . . 5 Hunter 10 | . . . . . . 2 1 1 . 1 4 . . . 1 Programmer 9 | . . . . . . . . . . 1 3 . 4 . 1 Heavy 2 | . . . . . . . . . . . . . . . 2 Assembled 1 | . . . . 1 . . . . . . . . . . . Best Kill Streak 11 | 1 6 2 6 3 5 7 11 6 6 6 11 2 4 . 9 Combat Bots Only 8 | . 2 2 4 3 4 7 2 6 3 6 8 2 2 . 8 Max Kills in Single Turn 3 | 1 1 1 2 2 2 2 2 2 2 1 3 1 2 . 2 Gunslinging 1 | . . . 1 1 . . . . . . . . . . . Exploded 2 | . . . . . . 2 . 2 . 1 2 . 1 . . Melee 1 | . . . . . . . . 1 . . . . . . . Uniques/NPCs Destroyed . | . . . . . . . . . . . . . . . . Combat | -11 -10 -10 -9 -9 -8 -8 -7 -7 -7 -7 -6 -6 -5 -5 -4 -------- Run | Scr Mat Min Mat Min Mat Gar Fac Gar Fac Gar Fac Gar Fac Gar Fac Damage Taken 8708 | . 52 54 696 298 373 534 614 904 27 842 1842 311 599 250 1312 Core 1042 | . . 21 136 21 67 40 28 105 . 85 167 23 118 31 200 Absorbed by Shields 552 | . . . . . . . . . . 5 155 71 199 54 68 Regen/Repaired (Parts) 828 | . . . 388 . . . 91 . 69 . . . 280 . . Core Remaining (%) 66 | 100 . 84 . 21 . 73 . . . 45 . 67 . 78 . Volleys Fired 633 | 1 28 11 90 33 37 39 51 39 24 41 67 23 69 14 66 Largest 3 | 2 2 2 2 2 2 2 2 2 2 2 3 2 3 1 3 Hottest 147 | 60 60 100 46 46 50 53 76 76 76 76 134 83 147 33 120 Shots Fired 1109 | 2 56 19 182 64 76 65 102 60 47 56 129 27 115 15 94 Gun 673 | 2 56 16 182 64 76 53 51 30 23 15 26 3 52 2 22 Cannon 309 | . . . . . . . 51 15 24 20 92 6 43 . 58 Launcher 39 | . . . . . . 12 . 15 . 5 4 . 3 . . Special 88 | . . 3 . . . . . . . 16 7 18 17 13 14 Kinetic 973 | 1 48 16 182 64 76 53 102 45 47 35 118 9 95 2 80 Thermal 3 | . . 3 . . . . . . . . . . . . . Explosive 39 | . . . . . . 12 . 15 . 5 4 . 3 . . Electromagnetic 9 | 1 8 . . . . . . . . . . . . . . Robot Hit Streak 35 | 1 12 3 31 21 13 35 17 24 13 9 25 8 35 17 14 Robot Miss Streak 7 | . 2 2 2 2 3 1 7 2 1 2 2 1 2 1 3 Penetration Max 1 | . . . . . . . . 1 1 1 . . 1 . 1 Secondary Targets 9 | . 1 . 4 2 1 1 . . . . . . . . . Max Gunslinging Chain 1 | . 1 . 1 1 1 1 . . . . . . . . . Shots Hit Robots 894 | 1 39 9 149 51 55 40 80 44 38 40 90 33 93 53 79 Core Hits 470 | 1 19 3 55 15 24 39 82 55 16 16 58 5 33 5 44 Critical Kills 6 | . . . . . 1 . . 1 . . 1 1 1 1 . Critical Parts Destroyed 10 | . . . . . . . . . . . . 4 . 6 . Critical Strikes 36 | . . . . . 1 . 2 2 1 2 10 5 6 7 . Destroy 5 | . . . . . 1 . . 1 . . 1 1 1 . . Blast 19 | . . . . . . . 2 . 1 2 9 . 5 . . Smash 11 | . . . . . . . . . . . . 4 . 7 . Impale 1 | . . . . . . . . 1 . . . . . . . Melee Attacks 261 | . . . . . . 10 . 21 . 11 . 78 15 120 6 Impact 229 | . . . . . . 10 . . . . . 78 15 120 6 Slashing . | . . . . . . . . . . . . . . . . Piercing 32 | . . . . . . . . 21 . 11 . . . . . Sneak Attacks 3 | . . . . . . . . . . . . . 2 1 . Combat Hostiles 1 | . . . . . . . . . . . . . 1 . . Follow-up Attacks . | . . . . . . . . . . . . . . . . Damage Inflicted 26314 | 15 537 131 2252 773 1075 1769 2222 2611 1051 991 3264 956 2948 2647 3072 Guns 9743 | 15 537 131 2252 773 1064 595 1072 495 471 241 485 24 1125 28 435 Cannons 7988 | . . . . . . . 1042 246 580 325 2058 77 1023 . 2637 Explosions 4312 | . . . . . . 1174 108 1466 . 373 721 . 470 . . Melee 4260 | . . . . . . . . 404 . 52 . 855 330 2619 . Ramming 11 | . . . . . 11 . . . . . . . . . . Kinetic 17654 | . 475 131 2252 773 1064 595 2114 741 1051 566 2543 101 2148 28 3072 Thermal 108 | . . . . . . . 108 . . . . . . . . Explosive 4197 | . . . . . . 1174 . 1466 . 373 714 . 470 . . Electromagnetic 84 | 15 62 . . . . . . . . . 7 . . . . Impact 3804 | . . . . . . . . . . . . 855 330 2619 . Slashing . | . . . . . . . . . . . . . . . . Piercing 456 | . . . . . . . . 404 . 52 . . . . . Highest Corruption 7 | . . . 1 1 4 4 . . . . . 7 3 5 2 Average Corruption 2 | . . . 1 1 4 4 . . . . . 6 1 3 1 Corruption Purged . | . . . . . . . . . . . . . . . . Corruption Blocked . | . . . . . . . . . . . . . . . . Effects 171 | . . . 20 10 26 35 . . . . . 28 10 38 4 Message Errors 35 | . . . 7 4 5 6 . . . . . 6 3 4 . Matter Fused 53 | . . . 4 1 9 11 . . . . . 10 2 15 1 Heat Flow Errors 20 | . . . 5 1 2 4 . . . . . 1 3 3 1 Energy Discharges 28 | . . . 2 1 6 4 . . . . . 3 2 9 1 Data Loss (minor) 16 | . . . . 1 2 7 . . . . . 3 . 3 . Data Loss (major) 4 | . . . . . . . . . . . . 2 . 2 . Misfires 10 | . . . 2 . 2 2 . . . . . 2 . 1 1 Alerts 3 | . . . . . . 1 . . . . . 1 . 1 . Weapon Failures 2 | . . . . 2 . . . . . . . . . . . Overload Shots . | . . . . . . . . . . . . . . . . Overflow Damage 1187 | . . . . . . . 16 29 64 . 89 239 130 595 25 Projectiles 200 | . . . . . . . 16 . 64 . 58 . 37 . 25 Explosions 41 | . . . . . . . . . . . 31 . 10 . . Melee 946 | . . . . . . . . 29 . . . 239 83 595 . Knockbacks 48 | . . . . . . . 7 . 3 1 9 5 8 3 12 Impact 5 | . . . . . . . . . . . . 2 1 2 . Kinetic 39 | . . . . . . . 7 . 3 1 9 1 6 . 12 Secondary 4 | . . . . . . . . . . . . 2 1 1 . Self-Inflicted Damage 408 | . . . . . 5 122 64 95 . 33 . . 89 . . Shots 12 | . . . . . . 3 1 5 . 2 . . 1 . . Rammed 2 | . . . . . 1 . 1 . . . . . . . . Targets Rammed 2 | . . . . . 1 . 1 . . . . . . . . Kicked . | . . . . . . . . . . . . . . . . Crushed . | . . . . . . . . . . . . . . . . Highest Temperature 370 | 20 40 20 225 103 183 256 90 17 . 6 280 182 370 182 38 Average Temperature 45 | 15 10 8 35 27 28 47 46 16 . 2 49 59 91 81 38 Received Heat Transfer 2131 | . 36 . 363 150 159 81 199 254 12 187 371 38 175 67 39 Siege Activations . | . . . . . . . . . . . . . . . . Robots Corrupted . | . . . . . . . . . . . . . . . . Combat Hostiles . | . . . . . . . . . . . . . . . . Parts Fried 9 | . . . . . . . . . . . . 1 4 4 . Impact Corruptions 23 | . . . . . . . . . . . . 4 3 16 . Robots Melted . | . . . . . . . . . . . . . . . . Combat Hostiles . | . . . . . . . . . . . . . . . . Parts Melted 4 | . . . . . . . . . . 2 . 1 1 . . Heat Transferred 109 | . . . . . . . 109 . . . . . . . . Parts Sabotaged . | . . . . . . . . . . . . . . . . Parts Stolen . | . . . . . . . . . . . . . . . . Parts Stripped . | . . . . . . . . . . . . . . . . Power Chain Reactions . | . . . . . . . . . . . . . . . . Missiles Intercepted . | . . . . . . . . . . . . . . . . Alert | -11 -10 -10 -9 -9 -8 -8 -7 -7 -7 -7 -6 -6 -5 -5 -4 ------- Run | Scr Mat Min Mat Min Mat Gar Fac Gar Fac Gar Fac Gar Fac Gar Fac Peak Influence 1347 | 5 236 110 641 191 583 1347 641 1110 660 844 596 708 484 807 582 Initial 612 | . 2 5 2 32 30 237 612 284 505 407 383 272 321 181 366 Average 405 | 1 66 20 316 78 345 1000 484 849 527 682 261 533 192 459 357 Maximum Alert Level 4 | . 1 . 2 1 2 4 2 4 2 3 2 3 2 3 2 Low Security (%) 26 | 100 90 100 30 99 6 . . . . . 43 . 46 5 11 Level 1 26 | . 9 . 34 . 59 7 17 11 4 . 35 30 50 37 48 Level 2 31 | . . . 35 . 33 9 82 6 95 40 21 56 2 38 40 Level 3 11 | . . . . . . 36 . 75 . 59 . 13 . 18 . Level 4 3 | . . . . . . 47 . 6 . . . . . . . Level 5 . | . . . . . . . . . . . . . . . . High Security . | . . . . . . . . . . . . . . . . Max Security . | . . . . . . . . . . . . . . . . Squads Dispatched 63 | . . . 8 1 2 . 8 . 5 . 14 . 11 . 14 Investigation 20 | . . . 5 1 1 . 1 . 3 . 2 . 5 . 2 Extermination 14 | . . . . . . . 3 . 1 . 4 . 3 . 3 Reinforcement 24 | . . . 3 . . . 3 . . . 8 . 3 . 7 Assault 2 | . . . . . . . . . 1 . . . . . 1 Garrison 3 | . . . . . 1 . 1 . . . . . . . 1 Intercept . | . . . . . . . . . . . . . . . . Searches Triggered . | . . . . . . . . . . . . . . . . Construction Impeded 2 | . . . . . . . . . . . 1 . . . 1 Haulers Reinforced 5 | . . . . . . . 2 . . . 1 . 1 . 1 Active Scanning Responses . | . . . . . . . . . . . . . . . . Cargo Convoy Interrupts 2 | . . . . . . . . . . . 1 . . . 1 Stealth | -11 -10 -10 -9 -9 -8 -8 -7 -7 -7 -7 -6 -6 -5 -5 -4 --------- Run | Scr Mat Min Mat Min Mat Gar Fac Gar Fac Gar Fac Gar Fac Gar Fac Distress Signals 8 | . . . 2 . 2 . 2 . . . 1 . 1 . . Communications Jammed 130 | . . . . . . . . . . . 48 . 71 . 11 Distress Signals 128 | . . . . . . . . . . . 48 . 70 . 10 Times Spotted 446 | . 12 6 52 18 31 23 32 32 20 33 42 29 49 28 39 Peak Tracking Total 8 | . 3 3 4 6 5 6 4 8 6 8 8 4 7 4 6 Tactical Retreats 12 | . . 1 4 1 1 . . 1 . . 1 . . 3 . Traps | -11 -10 -10 -9 -9 -8 -8 -7 -7 -7 -7 -6 -6 -5 -5 -4 ------- Run | Scr Mat Min Mat Min Mat Gar Fac Gar Fac Gar Fac Gar Fac Gar Fac Traps Triggered 39 | . . . 4 . 2 3 1 6 1 7 1 3 1 5 5 Indirectly . | . . . . . . . . . . . . . . . . Trap Hack Attempts . | . . . . . . . . . . . . . . . . Triggered . | . . . . . . . . . . . . . . . . Disarmed 6 | . 6 . . . . . . . . . . . . . . Reprogrammed . | . . . . . . . . . . . . . . . . Reused . | . . . . . . . . . . . . . . . . Traps Extracted . | . . . . . . . . . . . . . . . . Installed . | . . . . . . . . . . . . . . . . Triggered . | . . . . . . . . . . . . . . . . Machines | -11 -10 -10 -9 -9 -8 -8 -7 -7 -7 -7 -6 -6 -5 -5 -4 ---------- Run | Scr Mat Min Mat Min Mat Gar Fac Gar Fac Gar Fac Gar Fac Gar Fac Machines Disabled 81 | . 2 . 2 . 4 8 3 5 9 3 7 4 8 6 20 Max in Single Turn 3 | . 1 . . . 1 2 3 1 1 1 2 1 1 1 1 Garrison Access 1 | . . . . . . . . . . . . . . . 1 Garrison Relay 19 | . . . . . . 4 . 4 . 3 . 4 . 4 . Phase Generator 1 | . . . . . . 1 . . . . . . . . . Machines Sabotaged . | . . . . . . . . . . . . . . . . Garrisons Compromised . | . . . . . . . . . . . . . . . . Overloaded Fab Kills . | . . . . . . . . . . . . . . . . Hacking | -11 -10 -10 -9 -9 -8 -8 -7 -7 -7 -7 -6 -6 -5 -5 -4 --------- Run | Scr Mat Min Mat Min Mat Gar Fac Gar Fac Gar Fac Gar Fac Gar Fac Machines Accessed 65 | . 8 1 12 1 8 . 9 . 5 . 5 . 11 . 5 Terminals 47 | . 8 1 9 . 7 . 7 . 1 . 3 . 6 . 5 Fabricators 3 | . . . . . . . . . 1 . . . 2 . . Repair Stations 5 | . . . 2 . . . 1 . 1 . . . 1 . . Recycling Units . | . . . . . . . . . . . . . . . . Scanalyzers 4 | . . . 1 . . . . . 1 . 1 . 1 . . Garrison Access 5 | . . . . . 1 . 1 . 1 . 1 . 1 . . Total Hacks 179 | . 21 3 55 1 20 . 18 . 9 . 9 . 30 . 13 Successful 110 | . 14 3 37 1 13 . 10 . 6 . 4 . 17 . 5 Failed 69 | . 7 . 18 . 7 . 8 . 3 . 5 . 13 . 8 Catastrophic 9 | . . . 1 . 2 . 1 . 1 . 2 . . . 2 Database Lockouts . | . . . . . . . . . . . . . . . . Manual 122 | . 22 3 38 . 19 . 13 . 2 . 4 . 10 . 11 Terminals 126 | . 21 3 36 . 19 . 14 . 2 . 6 . 12 . 13 Fabricators 11 | . . . . . . . . . 2 . . . 9 . . Repair Stations 24 | . . . 16 . . . 3 . 3 . . . 2 . . Recycling Units . | . . . . . . . . . . . . . . . . Scanalyzers 12 | . . . 3 . . . . . 1 . 2 . 6 . . Garrison Access 5 | . . . . . 1 . 1 . 1 . 1 . 1 . . Terminal Hacks 27 | . 5 2 3 1 5 . 2 . . . 1 . 4 . 4 Part Schematic 3 | . . . . . . . . . . . . . 1 . 2 Robot Analysis 8 | . . 2 1 . 4 . . . . . . . 1 . . Open Door 1 | . . . . 1 . . . . . . . . . . . Open DSF 4 | . . . . . . . 1 . . . 1 . 1 . 1 Fabricator Index 1 | . . . . . . . . . . . . . 1 . . Garrison Index 1 | . . . . . . . . . . . . . . . 1 Unreport Threat 6 | . 4 . 1 . . . 1 . . . . . . . . Disarm Traps 1 | . 1 . . . . . . . . . . . . . . Garrison Status 2 | . . . 1 . 1 . . . . . . . . . . Fabricator Hacks 5 | . . . . . . . . . 2 . . . 3 . . Load Schematic 3 | . . . . . . . . . 1 . . . 2 . . Build 2 | . . . . . . . . . 1 . . . 1 . . Repair Station Hacks 22 | . . . 16 . . . 2 . 2 . . . 2 . . Scan Component 11 | . . . 8 . . . 1 . 1 . . . 1 . . Repair 11 | . . . 8 . . . 1 . 1 . . . 1 . . Recycling Unit Hacks . | . . . . . . . . . . . . . . . . Scanalyzer 10 | . . . 3 . . . . . . . 2 . 5 . . Insert Component 4 | . . . 1 . . . . . . . 1 . 2 . . Analyze 6 | . . . 2 . . . . . . . 1 . 3 . . Garrison Access Hacks 5 | . . . . . 1 . 1 . 1 . 1 . 1 . . Unlock Access 5 | . . . . . 1 . 1 . 1 . 1 . 1 . . Unauthorized Hacks 39 | . 7 1 15 . 7 . 5 . 1 . . . 2 . 1 Terminals 39 | . 7 1 15 . 7 . 5 . 1 . . . 2 . 1 Assimilate 7 | . . . 6 . . . 1 . . . . . . . . Botnet 32 | . 7 1 9 . 7 . 4 . 1 . . . 2 . 1 Fabricators . | . . . . . . . . . . . . . . . . Repair Stations . | . . . . . . . . . . . . . . . . Recycling Units . | . . . . . . . . . . . . . . . . Scanalyzers . | . . . . . . . . . . . . . . . . Garrison Access . | . . . . . . . . . . . . . . . . Data Cores Recovered . | . . . . . . . . . . . . . . . . Used . | . . . . . . . . . . . . . . . . Hacking Detections 54 | . 8 1 10 . 8 . 7 . 5 . 3 . 7 . 5 Full Trace Events 11 | . . . 1 . . . . . 2 . 2 . 4 . 2 Feedback Events 1 | . . . 1 . . . . . . . . . . . . Corruption 1 | . . . 1 . . . . . . . . . . . . Feedback Blocked . | . . . . . . . . . . . . . . . . Robot Schematics Acquired . | . . . . . . . . . . . . . . . . Robots Built . | . . . . . . . . . . . . . . . . Authchips . | . . . . . . . . . . . . . . . . Time . | . . . . . . . . . . . . . . . . Total Robot Build Rating . | . . . . . . . . . . . . . . . . Part Schematics Acquired 6 | . . . 1 . . . . . . . 1 . 2 . 2 Parts Built 4 | . . . . . . . . . 2 . . . 2 . . Authchips . | . . . . . . . . . . . . . . . . Time 62 | . . . . . . . . . 31 . . . 31 . . Total Part Build Rating 8 | . . . . . . . . . 4 . . . 4 . . Parts Repaired 11 | . . . 8 . . . 1 . 1 . . . 1 . . Time 387 | . . . 257 . . . 16 . 25 . . . 89 . . Parts Recycled . | . . . . . . . . . . . . . . . . Recycled Matter . | . . . . . . . . . . . . . . . . Retrieved Matter . | . . . . . . . . . . . . . . . . Retrieved Components . | . . . . . . . . . . . . . . . . Parts Scanalyzed 4 | . . . 1 . . . . . . . 1 . 2 . . Part Schematics Acquired 3 | . . . 1 . . . . . . . 1 . 1 . . Parts Damaged . | . . . . . . . . . . . . . . . . Bothacking | -11 -10 -10 -9 -9 -8 -8 -7 -7 -7 -7 -6 -6 -5 -5 -4 ------------ Run | Scr Mat Min Mat Min Mat Gar Fac Gar Fac Gar Fac Gar Fac Gar Fac Used RIF Installer 5 | . . . . . . 1 . 1 . 1 . 1 . 1 . Threat Obfuscator 2 | . . . . . . . . 1 . . . 1 . . . Signal Jammer 1 | . . . . . . . . . . 1 . . . . . Watcher Feeds 1 | . . . . . . . . . . . . . . 1 . Robots Hacked 56 | . . . . . . . . . . 9 4 14 11 8 10 Non-combat 6 | . . . . . . . . . . . 1 . 3 . 2 Combat 50 | . . . . . . . . . . 9 3 14 8 8 8 Robot Hacks Applied 58 | . . . . . . . . . . 9 4 14 12 9 10 parse_system 2 | . . . . . . . . . . . . . 2 . . start_evac 1 | . . . . . . . . . . . . . . . 1 map_walls 1 | . . . . . . . . . . . . . 1 . . find_fabricator 1 | . . . . . . . . . . . . . 1 . . find_garrison 1 | . . . . . . . . . . . 1 . . . . reboot_system 3 | . . . . . . . . . . . . 2 . 1 . go_dormant 3 | . . . . . . . . . . . . 2 . 1 . streamctrl_high 1 | . . . . . . . . . . . . . . 1 . formatsys_high 45 | . . . . . . . . . . 9 3 10 8 6 9 Relay Couplers Released 80 | . . . . . . 18 . 17 . 11 . 16 . 16 2 Machine Destruction 80 | . . . . . . 18 . 17 . 11 . 16 . 16 2 Attached 27 | . . . . . . . . . . 7 2 6 2 6 4 Fabnet Peak Effective % . | . . . . . . . . . . . . . . . . Robots Rewired 12 | . . . . . . . . . . 6 . . . 6 . Allies Hacked 2 | . . . . . . . . . . . . . 2 . . Hacks Repelled . | . . . . . . . . . . . . . . . . Allies | -11 -10 -10 -9 -9 -8 -8 -7 -7 -7 -7 -6 -6 -5 -5 -4 -------- Run | Scr Mat Min Mat Min Mat Gar Fac Gar Fac Gar Fac Gar Fac Gar Fac Total Allies 67 | . 1 6 1 . . . 1 . . 15 3 10 8 13 9 Largest Group 10 | . 1 4 5 1 1 1 2 1 1 9 9 5 7 10 5 Highest-Rated Group 449 | . 61 136 116 70 83 86 107 103 106 291 321 251 336 449 326 Highest-Rated Ally 162 | . 61 61 70 70 83 86 101 103 106 106 131 132 145 151 162 Total Orders 14 | . . . 4 . . . . . . 4 6 . . . . STAY 1 | . . . 1 . . . . . . . . . . . . FOLLOW 1 | . . . . . . . . . . . 1 . . . . GUARD 12 | . . . 3 . . . . . . 4 5 . . . . Ally Attacks 858 | . 21 11 40 23 28 11 49 27 29 50 92 45 170 112 150 Total Damage 33284 | . 452 151 808 432 1286 404 1976 1307 1823 1325 3843 3174 5975 4103 6225 Kills 302 | . 4 4 20 10 21 7 20 10 19 16 34 23 45 28 41 Allies Corrupted 4 | . . . . . . . . . . . 2 . 1 . 1 Allies Melted . | . . . . . . . . . . . . . . . . Intel | -11 -10 -10 -9 -9 -8 -8 -7 -7 -7 -7 -6 -6 -5 -5 -4 ------- Run | Scr Mat Min Mat Min Mat Gar Fac Gar Fac Gar Fac Gar Fac Gar Fac Robot Analysis Total 8 | . . 2 1 . 4 . . . . . . . 1 . . Derelict Logs Recovered 2 | . . 1 . 1 . . . . . . . . . . . Drone Launches . | . . . . . . . . . . . . . . . . Drone Recoveries . | . . . . . . . . . . . . . . . . Exploration | -11 -10 -10 -9 -9 -8 -8 -7 -7 -7 -7 -6 -6 -5 -5 -4 ------------- Run | Scr Mat Min Mat Min Mat Gar Fac Gar Fac Gar Fac Gar Fac Gar Fac Turns Passed 24315 | 52 1174 932 2544 1038 1360 1457 1788 1118 1081 1633 2509 1779 2458 1666 1726 Spaces Moved 14373 | 41 800 712 1708 749 844 849 1016 685 632 1013 1360 819 1422 762 961 Core 4 | 3 . . . . . . . . . . . . . . 1 Treads . | . . . . . . . . . . . . . . . . Legs 1 | . . . . . . . . . . . . 1 . . . Wheels 14364 | 38 800 712 1708 749 844 849 1016 685 632 1013 1360 816 1422 762 958 Hover 4 | . . . . . . . . . . . . 2 . . 2 Flight . | . . . . . . . . . . . . . . . . Fastest Speed 50 | 50 80 110 110 110 95 128 125 125 125 125 123 135 125 125 125 Average Speed 130 | 77 115 110 110 110 126 142 142 125 125 125 155 159 138 129 137 Slowest Speed 2100 | 80 140 110 110 110 128 145 160 125 150 125 260 790 140 140 2100 Overloaded Moves . | . . . . . . . . . . . . . . . . Propulsion Burnouts . | . . . . . . . . . . . . . . . . Robots Hopped . | . . . . . . . . . . . . . . . . Cave-ins Triggered . | . . . . . . . . . . . . . . . . Exploration Rate (%) 65 | 5 98 98 99 99 72 99 26 92 16 89 32 87 37 83 21 Regions Visited 15 Branch Regions 2 Pre-discovered Areas 1 | . . 1 . . . . . . . . . . . . . Known Exits Taken 5 | . . . . . 1 . 1 . 1 . 1 . 1 . . Unknown Exits Taken 5 | 1 1 1 1 1 . . . . . . . . . . . Scrap Searched 3 | . . 1 . 2 . . . . . . . . . . . Spaces Dug 113 | . . 3 . . . 23 . 19 . 1 . 35 4 22 6 Terrain Destroyed 399 | . . 3 . . . 117 11 48 2 19 68 35 56 22 18 Melee 75 | . . . . . . 7 . . . 1 . 35 4 22 6 Projectile 69 | . . 3 . . . 1 6 . 2 . 28 . 17 . 12 AOE 255 | . . . . . . 109 5 48 . 18 40 . 35 . . Terrain Rammed . | . . . . . . . . . . . . . . . . Walls Destroyed . | . . . . . . . . . . . . . . . . Machines Disabled . | . . . . . . . . . . . . . . . . Actions | -11 -10 -10 -9 -9 -8 -8 -7 -7 -7 -7 -6 -6 -5 -5 -4 --------- Run | Scr Mat Min Mat Min Mat Gar Fac Gar Fac Gar Fac Gar Fac Gar Fac Total 18520 | 55 1005 838 2234 913 1080 1027 1254 850 880 1313 1647 1130 1798 1231 1265 Wait 2313 | . 137 113 385 116 154 58 137 28 196 127 153 128 232 209 140 Move 14360 | 40 799 711 1707 748 844 847 1016 684 632 1012 1359 818 1421 761 961 Hop . | . . . . . . . . . . . . . . . . Pick Up 148 | 7 20 1 17 4 10 19 6 9 8 11 11 9 8 4 4 Fast Attach 92 | 7 3 . 10 . 3 1 6 . 3 2 18 11 9 1 18 Attach 77 | . . . 2 2 7 5 6 2 4 9 6 7 8 6 13 Detach 19 | . . . . . 4 . 2 . . . 4 . 2 . 7 Swap 155 | . 5 2 4 3 7 14 10 18 2 19 9 16 20 10 16 Drop 193 | . 13 . 19 7 13 18 19 9 11 14 20 14 11 7 18 Fire 633 | 1 28 11 90 33 37 39 51 39 24 41 67 23 69 14 66 Melee 261 | . . . . . . 10 . 21 . 11 . 78 15 120 6 Ram 2 | . . . . . 1 . 1 . . . . . . . . Kick . | . . . . . . . . . . . . . . . . Crush . | . . . . . . . . . . . . . . . . Escape Stasis 189 | . . . . . . 16 . 40 . 48 . 24 . 45 16 Rewire 78 | . . . . . . . . . . 19 . 2 3 54 . Trap . | . . . . . . . . . . . . . . . . Miscellaneous . | . . . . . . . . . . . . . . . . Route ------- -11/Scrapyard -10/Materials (discovered 4 exits: *Mat x3 / *Min) -10/Mines (discovered 2 exits: *Mat x2) -9/Materials (discovered 4 exits: *Mat x3 / *Min) -9/Mines (discovered 3 exits: *Mat x2 / [*Exi]) -8/Materials (discovered 4 exits: *Fac x2 / *Sto / Gar) -8/Garrison (discovered 3 exits: *Fac x3) -7/Factory (discovered 4 exits: *Fac / [*Low x2] / Gar) -7/Garrison (discovered 3 exits: *Fac x3) -7/Factory -7/Garrison (discovered 3 exits: *Fac x3) -6/Factory (discovered 4 exits: *Fac x2 / [*Low] / Gar) -6/Garrison (discovered 3 exits: *Fac x3) -5/Factory (discovered 3 exits: *Fac / [*Upp] / Gar) -5/Garrison (discovered 3 exits: *Fac x3) -4/Factory (discovered 1 exit: [*Res]) History --------- Turn | Location | Event 16 | -11/Scrapyard | Discovered new exit (range 16) 53 | -11/Scrapyard | Entered Materials 270 | -10/Materials | Discovered new exit (range 15) 305 | -10/Materials | Build established: Mutant 306 | -10/Materials | Discovered new exit (range 12) 691 | -10/Materials | Build established: Scavenger-Mutant 804 | -10/Materials | Discovered new exit (range 16) 988 | -10/Materials | Discovered new exit (range 16) 1227 | -10/Materials | Entered Mines 1240 | -10/Mines | Met a Derelict bent on vengeance 1270 | -10/Mines | Learned location of Zion (-6) 1325 | -10/Mines | Build established: Mutant 1354 | -10/Mines | Discovered new exit (range 4) 1393 | -10/Mines | Discovered new exit (range 12) 1436 | -10/Mines | Received a Mining Laser from a helpful Derelict 2055 | -10/Mines | Assisted by bots powering up and referring to "LRC-V3" 2159 | -10/Mines | Entered Materials 2159 | -9/Materials | Accompanied by 3 allies 2159 | -9/Materials | Evolved 2 slots: Utility x2 2424 | -9/Materials | Discovered new exit (range 17) 3108 | -9/Materials | Discovered new exit (range 18) 3514 | -9/Materials | Discovered new exit (range 9) 3996 | -9/Materials | Repaired Hrd. Light Armor Plating 4023 | -9/Materials | Repaired Wheel 4051 | -9/Materials | Repaired Wheel 4084 | -9/Materials | Repaired Autogun 4118 | -9/Materials | Repaired Autogun 4170 | -9/Materials | Repaired Cld. Ion Engine 4419 | -9/Materials | Repaired Hpw. Tractor Beam 4447 | -9/Materials | Repaired Wheel 4455 | -9/Materials | Discovered new exit (range 10) 4703 | -9/Materials | Entered Mines 4864 | -9/Mines | Deemed a non-threat by the Exiles lab entrance 4864 | -9/Mines | Discovered new exit (range 5) 4928 | -9/Mines | Learned location of 1 exit from Materials 4944 | -9/Mines | Received a Rocket Launcher from a helpful Derelict 5096 | -9/Mines | Assembled infested the area 5124 | -9/Mines | Core integrity fell below 50% 5433 | -9/Mines | Discovered new exit (range 11) 5449 | -9/Mines | Met a Derelict shopkeep closing up shop 5669 | -9/Mines | Discovered new exit (range 10) 5741 | -9/Mines | Entered Materials 5741 | -8/Materials | Evolved 2 slots: Propulsion x1, Utility x1 5742 | -8/Materials | Identified exit to Storage 6329 | -8/Materials | Garrison activated, responded to threat 6349 | -8/Materials | Discovered new exit (range 19) 6623 | -8/Materials | Discovered new exit (range 20) 7091 | -8/Materials | Identified exit to Garrison 7101 | -8/Materials | Entered Garrison 7123 | -8/Garrison | Phase Generator disabled 7134 | -8/Garrison | Triggered checkpoint 7299 | -8/Garrison | Triggered checkpoint 7326 | -8/Garrison | Triggered checkpoint 7333 | -8/Garrison | Triggered checkpoint 7362 | -8/Garrison | Destroyed 7 combat bots 7501 | -8/Garrison | Discovered new exit (range 14) 7642 | -8/Garrison | Triggered checkpoint 7759 | -8/Garrison | Discovered new exit (range 8) 7778 | -8/Garrison | Installed Relay Interface Framework 7828 | -8/Garrison | Triggered checkpoint 7866 | -8/Garrison | Garrison Relay disabled 7990 | -8/Garrison | Triggered checkpoint 8002 | -8/Garrison | Garrison Relay disabled 8056 | -8/Garrison | Discovered new exit (range 13) 8197 | -8/Garrison | Garrison Relay disabled 8508 | -8/Garrison | Garrison Relay disabled 8558 | -8/Garrison | Entered Factory 8558 | -7/Factory | Evolved 2 slots: Utility x2 8828 | -7/Factory | Build established: Skirmisher 8930 | -7/Factory | Repaired Arm. Wheel 9311 | -7/Factory | Discovered new exit (range 14) 9321 | -7/Factory | Discovered new exit (range 19) 9461 | -7/Factory | P-60 Hacker assimilated allied Technician 4a 9797 | -7/Factory | Build established: Mutant 9982 | -7/Factory | Discovered new exit (range 6) 10329 | -7/Factory | Garrison activated, responded to threat 10344 | -7/Factory | Identified exit to Garrison 10346 | -7/Factory | Entered Garrison 10353 | -7/Garrison | Expanded RIF knowledge: Threat Obfuscation 10392 | -7/Garrison | Triggered checkpoint 10424 | -7/Garrison | Garrison Relay disabled 10556 | -7/Garrison | Triggered checkpoint 10567 | -7/Garrison | Triggered checkpoint 10662 | -7/Garrison | Triggered checkpoint 10717 | -7/Garrison | Discovered new exit (range 11) 10766 | -7/Garrison | Triggered checkpoint 10784 | -7/Garrison | Garrison Relay disabled 10903 | -7/Garrison | Discovered new exit (range 16) 10992 | -7/Garrison | Triggered checkpoint 11023 | -7/Garrison | Garrison Relay disabled 11196 | -7/Garrison | Triggered checkpoint 11245 | -7/Garrison | Garrison Relay disabled 11301 | -7/Garrison | Discovered new exit (range 19) 11464 | -7/Garrison | Entered Factory 12149 | -7/Factory | Repaired Cld. Ion Engine 12264 | -7/Factory | First assault squad dispatched 12322 | -7/Factory | Build established: Bothacker-Mutant 12331 | -7/Factory | Fabricated Arm. Wheel (x2) 12506 | -7/Factory | Identified exit to Garrison 12545 | -7/Factory | Entered Garrison 12584 | -7/Garrison | Triggered checkpoint 12704 | -7/Garrison | P-60 Hacker assimilated allied Trooper 4a 12718 | -7/Garrison | Triggered checkpoint 12722 | -7/Garrison | Triggered checkpoint 12766 | -7/Garrison | Triggered checkpoint 12790 | -7/Garrison | Core integrity fell below 50% 12964 | -7/Garrison | Discovered new exit (range 12) 13075 | -7/Garrison | Discovered new exit (range 10) 13094 | -7/Garrison | Expanded RIF knowledge: Signal Jamming 13170 | -7/Garrison | Triggered checkpoint 13204 | -7/Garrison | Garrison Relay disabled 13323 | -7/Garrison | Garrison Relay disabled 13487 | -7/Garrison | Discovered new exit (range 9) 13692 | -7/Garrison | Triggered checkpoint 13830 | -7/Garrison | Triggered checkpoint 13844 | -7/Garrison | Garrison Relay disabled 14178 | -7/Garrison | Entered Factory 14178 | -6/Factory | Accompanied by 8 allies 14178 | -6/Factory | Evolved 2 slots: Utility x1, Weapon x1 14392 | -6/Factory | Discovered new exit (range 3) 14505 | -6/Factory | Build established: Bothacker-Tank 14545 | -6/Factory | Found Prototype Processor 14545 | -6/Factory | Identified Exp. Targeting Computer 14870 | -6/Factory | Discovered new exit (range 7) 14878 | -6/Factory | Build established: Bothacker-Mutant 15501 | -6/Factory | Discovered new exit (range 16) 15840 | -6/Factory | Cargo convoy interrupted 15889 | -6/Factory | Lost 3 parts (1n2u) 15901 | -6/Factory | Destroyed 8 combat bots 16013 | -6/Factory | Build established: Bothacker-Tank 16685 | -6/Factory | Identified exit to Garrison 16687 | -6/Factory | Entered Garrison 16702 | -6/Garrison | Expanded RIF knowledge: Threat Obfuscation 16890 | -6/Garrison | Triggered checkpoint 16927 | -6/Garrison | Garrison Relay disabled 16993 | -6/Garrison | Build established: Botlord-Mutant 17272 | -6/Garrison | Triggered checkpoint 17272 | -6/Garrison | Triggered checkpoint 17401 | -6/Garrison | Triggered checkpoint 17606 | -6/Garrison | Triggered checkpoint 17632 | -6/Garrison | Garrison Relay disabled 17684 | -6/Garrison | Discovered new exit (range 12) 17810 | -6/Garrison | Triggered checkpoint 17810 | -6/Garrison | Discovered new exit (range 13) 17870 | -6/Garrison | Triggered checkpoint 17878 | -6/Garrison | Garrison Relay disabled 18147 | -6/Garrison | Discovered new exit (range 13) 18209 | -6/Garrison | Garrison Relay disabled 18230 | -6/Garrison | Triggered checkpoint 18466 | -6/Garrison | Entered Factory 18466 | -5/Factory | Accompanied by 4 allies 18466 | -5/Factory | Evolved 2 slots: Utility x2 18625 | -5/Factory | Discovered new exit (range 9) 19086 | -5/Factory | Build established: Botlord-Tank 19296 | -5/Factory | Repaired Tri-rail Accelerator 19588 | -5/Factory | Build established: Botlord-Mutant 20476 | -5/Factory | Discovered new exit (range 15) 20723 | -5/Factory | Fabricated Hpw. Tractor Beam (x2) 20915 | -5/Factory | Identified exit to Garrison 20924 | -5/Factory | Entered Garrison 20924 | -5/Garrison | Accompanied by 1 ally 20964 | -5/Garrison | Triggered checkpoint 21021 | -5/Garrison | Garrison Relay disabled 21250 | -5/Garrison | Triggered checkpoint 21260 | -5/Garrison | Triggered checkpoint 21266 | -5/Garrison | Triggered checkpoint 21396 | -5/Garrison | Discovered new exit (range 10) 21436 | -5/Garrison | Triggered checkpoint 21474 | -5/Garrison | Garrison Relay disabled 21639 | -5/Garrison | Garrison Relay disabled 21672 | -5/Garrison | Triggered checkpoint 21682 | -5/Garrison | Triggered checkpoint 21703 | -5/Garrison | Discovered new exit (range 14) 21704 | -5/Garrison | Triggered checkpoint 21742 | -5/Garrison | Expanded RIF knowledge: Watcher Feeds 22071 | -5/Garrison | Triggered checkpoint 22211 | -5/Garrison | Garrison Relay disabled 22223 | -5/Garrison | Triggered checkpoint 22340 | -5/Garrison | Discovered new exit (range 9) 22590 | -5/Garrison | Entered Factory 22590 | -4/Factory | Accompanied by 3 allies 22590 | -4/Factory | Evolved 2 slots: Utility x2 22717 | -4/Factory | Discovered new exit (range 4) 23314 | -4/Factory | Garrison activated, responded to threat 23492 | -4/Factory | Cargo convoy interrupted 23579 | -4/Factory | Destroyed 8 combat bots 23809 | -4/Factory | Core integrity fell below 50% 23849 | -4/Factory | Core integrity fell below 20% 23867 | -4/Factory | Found Prototype Device 23867 | -4/Factory | Identified Active Sensor Suite 24316 | -4/Factory | Core destroyed Last Messages --------------- 24136_ Acquired 17 matter. 24156_ System corrupted: Energy discharge (-117). 24156_ Player 2 drops Field Laser. 24156_ Player 2 acquires Wave Gun. 24160_ Player 2 drops Coil Gun. 24160_ Player 2 attaches KE Penetrator. 24215_ ALERT: Rogue bot located, Programmers report to Factory Zone 6R. 24238_ Connecting with Terminal... >>Index(Garrisons) Found 2 garrison accesses. Downloaded coordinate data. 24290_ Acquired 10 matter. 24308_ System corrupted: Heat flow error (+291). 24316_ The unstable cave ceiling collapses. 24316_ Player 2 crushed by falling debris. 24316_ Player 2 system corrupted by crushing effect. [Achievement: 20k Club] [Achievement: 30k Club] [Achievement: Just Browsing] [Achievement: Achiever] Map ----- +----------------------------------------------------+ | ??????????????????????????????????????? | | ??????????????????????????????????????? | | ??????????????????????????????????????? | | ??????????????????????????????????????? | | ??????????????????????????????????????? | | ??????????????????????????????????????? | | ??????????????????????????????????????? | | ??????????????????????????????????????? | | ??????????????????????????????????????? | | ??????????????????????????????????????? | | ??????????????????????????????????????? | | ??????????????????????????????????????? | | ??????????????????????????????????????? | | ??????????????????????????????????????? | | ??????????????????????????????????????? | | ??????????????????????????????????????? | | ??????????????????????????????????????? | | ??????????????????????????????????????? | | ??????????????????????????????????????? | | ??????????????????????????????????????? | | ??????????????????????????????????????? | | ??????????????????????????????????????? | | ??????????????????????????????????????? | | ??????????????????????????????????????? | | ????????????????????????###???????????? | | ##??????????????????????#@##??????????? | | %#########??########????##@##?????????? | | %% "#??# ! #?????## ##????????? | | %### ##?## ######?## #????????? | | ##?# #####**= # #??# #????????? | | ##?# +!%[ # ####"######???? | | #?# % ## !% # ## #???? | | ###* ## = # ## """#???? | | +[%%=%% % #####+### ## """#???? | | ######[ [ #?# # ## """#???? | | ###### ### # ## #???? | | # # "" + ## % """#???? | | # # ### # ## """#???? | | # # #?# ###/### """#???? | | # # #####+##### + #???? | | ## =# # # #######+####???? | | + # # # #?## #???? | | ## # + # #?# #???? | | ?# # # # #?#T #???? | | ####### ########### #### #???? | | #???? | | #"######################### ###???? | | ##########????????????????# #?????? | | ##########???????# #?????? | | " "" # ????????# #?????? | +----------------------------------------------------+ Best States ------------- Heat Dissipation 74 Energy Generation 25 Energy Capacity 340 Matter Stores 300 Matter Capacity 300 Sight Range 20 Robot Scan Range 15 Terrain Scan Density 10 Additional Mass Support 6 Base Temperature (-) 200 Armor Coverage 600 Resistance: KI 20 Resistance: TH 50 Resistance: EX 20 Resistance: EM 20 Resistance: I 20 Resistance: S 20 Resistance: P 20 Weapon Cycling 20 Phase Shifting 5 Evasion (%) 45 Targeting Accuracy 16 Target Analysis 6 Core Analysis 6 Kinecelleration 30 Offensive Hacking 10 Defensive Hacking 14 Relay Coupler Types 4 Relay Coupler Value 150 Item Schematics ----------------- Arm. Wheel | -9/Materials | Scanalyzed Huge Storage Unit | -6/Factory | Scanalyzed Hpw. Tractor Beam | -5/Factory | Hacked Tri-rail Accelerator | -5/Factory | Scanalyzed Lrn. Tractor Beam | -4/Factory | Hacked Arm. Huge Wheel | -4/Factory | Hacked Robot Schematics ------------------ None Fabricated ------------ Arm. Wheel | x2 | -7/Factory Hpw. Tractor Beam | x2 | -5/Factory Alien Tech Used ----------------- None Achievements -------------- 20k Club 30k Club Achiever Collateral Damage Generalissimo Infiltrator Just Browsing No Signal Prolific Hacker Pwned Respectable Loadout Total Silence Challenges ------------ None Player 2 | -11 -10 -10 -9 -9 -8 -8 -7 -7 -7 -7 -6 -6 -5 -5 -4 ---------- Run | Scr Mat Min Mat Min Mat Gar Fac Gar Fac Gar Fac Gar Fac Gar Fac Slots Evolved 12 | . . 2 . 2 . 2 . . . 2 . 2 . 2 . Power 3 | . . . . 1 . . . . . . . 1 . 1 . Propulsion 3 | . . 1 . . . 1 . . . . . 1 . . . Utility 5 | . . 1 . . . 1 . . . 2 . . . 1 . Weapon 1 | . . . . 1 . . . . . . . . . . . Parts Attached 237 | . 15 . 12 6 12 4 12 3 4 14 26 20 24 8 77 Parts Lost 61 | . . . . 2 . . 1 . . 5 5 3 1 . 44 Damage Taken 11749 | . 270 . 115 528 161 364 373 403 680 783 1084 495 620 249 5624 Core 1540 | . 18 . 17 140 10 27 22 51 72 21 68 18 58 9 1009 Player 2/Cogmind (%) 59 | . 100 . 11 86 12 40 44 32 100 19 28 43 32 22 83 Absorbed by Shields 1428 | . . . 42 38 . . 146 170 258 53 135 144 173 74 195 Damage Inflicted 23911 | . 452 48 763 432 1286 404 1976 1307 1823 900 2992 2881 3026 2116 3505 Player 2/Cogmind (%) 47 | . 45 26 25 35 54 18 47 33 63 47 47 75 50 44 53 Combat Hostiles Destroyed 175 | . 2 1 15 10 12 7 11 10 13 12 20 19 17 11 15 Player 2/Cogmind (%) 51 | . 25 25 39 55 50 25 57 31 68 54 55 86 65 100 50 Game ------ Seed KineticHeavyCarapace Manual? 0 Play Time 05:03:03 Cumulative 47.8 hours Start 2022.03.28 @ 14:27:32 End 2022.03.28 @ 22:27:57 Sessions 4 Manual Loads 0 Difficulty Adventurer Special Mode AFD2020/Player2 Game No. 74 Rogue 46 Adventurer 28 Explorer 0 Win Type - Total 0 Types 0/0/0/0/0/0/0/0/0 Lore% 21 Gallery% 26 Achievement% 29 Wizard Run 0 Options --------- ASCII 0 Keyboard 0 Movement Mouse Keybinds 0 Fullscreen 1 Font 24/Terminus Map View 84x54 Tactical HUD 1 Map Filters NONE Filters NONE Steam 1 RUN: c989ea1c-8033-4836-97d9-42b262385925